 Dungeon Crawl Stone Soup version 0.28-a0-1227-ga9037bb4c8 (webtiles) character file.

Game seed: 5395350674660138368

44 ChaosChampion the Insei (level 3, 0/23 HPs)
             Began as an Octopode Transmuter on Dec 22, 2021.
             Slain by a jackal (2 damage)
             ... on level 2 of the Dungeon.
             The game lasted 00:01:38 (2423 turns).

ChaosChampion the Insei (Octopode Transmuter)       Turns: 2423, Time: 00:01:39

Health: 0/23       AC:  1    Str:  9    XL:     3   Next: 62%
Magic:  3/6        EV: 13    Int: 17    God:
Gold:   71         SH:  0    Dex: 12    Spells: 3/6 levels left

rFire   . . .      SeeInvis .     - Unarmed
rCold   . . .      Faith    .   (no shield)
rNeg    . . .      Spirit   .   (helmet currently unavailable)
rPois   .          Reflect  .   (no amulet)
rElec   .          Harm     .   (no ring)
rCorr   .          Rampage  .   (no ring)
Will    .....                   (no ring)
Stlth   ++........              (no ring)
HPRegen 0.07/turn               (no ring)
MPRegen 0.10/turn               (no ring)
                                (no ring)
                                (no ring)

@: appendages (expiring), wereblooded
A: tentacle spike 3, almost no armour, amphibious, 8 rings, camouflage 1,
gelatinous body 1, (nimble swimmer 1), tentacles
a: End Transformation


You were on level 2 of the Dungeon.
One of your tentacles had grown a beastly spike.
You visited 1 branch of the dungeon, and saw 2 of its levels.

You collected 71 gold pieces.

Inventory:

Missiles
 e - 17 poisoned darts (quivered)
Jewellery
 g - an amulet of magic regeneration
Scrolls
 d - 2 scrolls of identify {unknown}
 f - a scroll of teleportation {unknown}
 h - a scroll of noise {unknown}
Potions
 a - 3 potions of might {unknown}
 b - a potion of heal wounds {unknown}
 c - 2 potions of brilliance {unknown}


   Skills:
 - Level 1.0 Fighting
 - Level 2.0 Dodging
 * Level 4.1 Unarmed Combat
 - Level 2.0 Spellcasting
 + Level 2.6 Transmutations


You had 3 spell levels left.
You knew the following spells:

 Your Spells              Type           Power      Damage    Failure   Level
a - Beastly Appendage     Tmut           20%        N/A       6%          1
b - Wereblood             Tmut           10%        N/A       10%         2

Your spell library contained the following spells:

 Spells                   Type           Power      Damage    Failure   Level
 Sting                    Tmut/Pois      24%        1d4       11%         1
 Poisonous Vapours        Pois/Air       2%         N/A       28%         2
 Spider Form              Tmut/Pois      6%         N/A       32%         3
 Ice Form                 Ice/Tmut       6%         N/A       73%         4
 Olgreb's Toxic Radiance  Pois           1%         N/A       88%         4


Dungeon Overview and Level Annotations

Branches:
Dungeon (2/15)

Altars:

Shops:
D:2 :


Innate Abilities, Weirdness & Mutations

One of your tentacles has grown a beastly spike.
You cannot wear most types of armour.
You are amphibious.
You can wear up to eight rings at the same time.
Your skin changes colour to match your surroundings (Stealth+).
Your rubbery body absorbs attacks. (AC +1, EV +1)
((You are camouflaged when in or above water. (Stealth+)))
You have tentacles for arms and can constrict up to eight enemies at once.


Message History

Confirm with . or Enter, or press ? or * to list all spells.
One of your tentacles grows a vicious spike.
You see here a +0 robe.
The helpless hobgoblin fails to defend itself.
You bludgeon the hobgoblin!
You kill the hobgoblin!
No target in view!
You see here a hobgoblin corpse.
Your transformation is almost over.
Your tentacle spike disappears.
You open the door. 2 jackals and a gnoll come into view.
There are monsters nearby!
There are monsters nearby!
There are monsters nearby!
The jackal barks! x2
The jackal bites you. The jackal closely misses you.
There is an open door here.
Casting: Beastly Appendage (safe; 6% risk of failure)
Confirm with . or Enter, or press ? or * to list all spells.
One of your tentacles grows a vicious spike.
The gnoll hits you from afar with a +0 spear!
The jackal barely misses you. The jackal bites you.
Casting: Beastly Appendage (safe; 6% risk of failure)
Confirm with . or Enter, or press ? or * to list all spells.
Your blood is infused with primal strength.
The gnoll misses you. The jackal bites you. The jackal closely misses you.
Your transformation is almost over.
A gnoll opens the door.
The jackal bites you.
* * * LOW HITPOINT WARNING * * *
You tentacle-slap the jackal. You grab the jackal.
The jackal is heavily wounded.
You constrict the jackal. The jackal misses you.
You tentacle-slap the jackal but do no damage.
You pierce the jackal.
You feel a bit better.
You kill the jackal!
The gnoll hits you from afar with a +0 spear.
* * * LOW HITPOINT WARNING * * *
The jackal bites you.
You die...

#.# #...########.#### #.###.#
#.#.............. #.....#
#######.####..##. ..#####
+...# #.# #..##. ###
##...###.####..... #
'g..#........###.
#################†#####.######
#. ................PhP..##.#
#. #########.####..@....##.#
#. #.........#####.########.
########### #..........
###########


You could see a gnoll and a jackal.

Vanquished Creatures
  2 worms (D:2)
  A dart slug (D:1)
  3 endoplasms (D:1)
  4 giant cockroaches (D:1)
  A goblin (D:1)
  7 hobgoblins
  A jackal (D:2)
  3 kobolds (D:1)
  2 ball pythons
  2 bats
  2 frilled lizards (D:1)
  6 rats
34 creatures vanquished.

Notes
Turn   | Place    | Note
-------+----------+-------------------------------------------
     0 | D:1      | ChaosChampion the Octopode Transmuter began the quest for
                  | the Orb.
     0 | D:1      | Reached XP level 1. HP: 13/13 MP: 3/3
   278 | D:1      | Reached XP level 2. HP: 15/18 MP: 5/5
   339 | D:1      | Learned a level 2 spell: Wereblood
  1160 | D:1      | Reached XP level 3. HP: 23/23 MP: 6/6
  1308 | D:1      | Found a faded altar of an unknown god.
  1997 | D:2      | Reached skill level 4 in Unarmed Combat
  2189 | D:2      | Found Sotso's Book Shoppe.
  2423 | D:2      | Slain by a jackal

Illustrated notes

Levels and vault maps discovered:
D:1:      eino_arrival_cavern_b, layout_basic, dreamdust_ecumenical_altar_grove,
          lemuel_flame_loot_1
D:2:      layout_loops_ring, serial_shops, shop, cheibrodos_gnoll_hut

Skill      XL: |  1  2  3 |
---------------+----------+-----
Unarmed Combat | 4 |  4.1
Fighting       | |  1.0
Dodging        | |  2.0
Spellcasting   | |  2.0
Transmutations | |  2.6

Action                   || total
-------------------------++-------
Melee: Unarmed           ||    73
       Constrict         ||    20
       Tentacles         ||     8
       Punch             ||     1
       Kick              ||     8
Throw: Dart              ||     4
 Cast: Beastly Appendage ||    10
       Wereblood         ||     6
 Stab: Sleeping          ||     6
Armor: Skin              ||     1
Dodge: Dodged            ||    42

Table legend: (Time is in decaauts)
 A = Elapsed time spent in this place.
 B = Non-inter-level travel time spent in this place.
 C = Inter-level travel time spent in this place.
 D = Time resting spent in this place.
 E = Time spent auto-exploring this place.
 F = Levels seen in this place.
 G = Mean time per level.
                   A        B        C        D        E       F      G
               +--------+--------+--------+--------+--------+-----+--------+
         Total |   2418 |   2384 |     34 |      0 |   2166 |   2 | 1209.0 |
       Dungeon |   2418 |   2384 |     34 |      0 |   2166 |   2 | 1209.0 |
               +--------+--------+--------+--------+--------+-----+--------+

Top non-repeatable levels by time:
     D:1: 1565 daAuts
     D:2: 853 daAuts
